3A
GRAND FORKS CATERPILLARS @ MANCELONA TORCH
09/06/2032
 
TOP OF THE 1ST
Grand Forks Caterpillars batting - Pitching for Mancelona Torch : RHP Rhys Maskell
Pitching: RHP Rhys Maskell
Batting: LHB Chris Kirby 0-0: DOUBLE (Line Drive, 8LD)
Batting: RHB Lynwood Dimartínez 0-0: Foul Ball, location: 2F
0-1: Ground out 3-1 (Groundball, 34)
Chris Kirby to third
Batting: LHB Richello Mabait 0-0: Fly out, F7 (Flyball, 7)
Runner from 3rd tags up, OUT at HOME
Top of the 1st over - 0 runs, 1 hit, 0 errors, 0 left on base; Grand Forks 0 - Mancelona 0
BOTTOM OF THE 1ST
Mancelona Torch batting - Pitching for Grand Forks Caterpillars : RHP Konosuke Iida
Pitching: RHP Konosuke Iida
Batting: RHB Bryan Uchacz 0-0: Ball
1-0: Called Strike
1-1: Called Strike
1-2: SINGLE (Line Drive, 8LM)
Batting: RHB Dave Norton 0-0: Ball
1-0: Called Strike
1-1: Called Strike
1-2: Foul Ball, location: 2F
1-2: Ball
2-2: Foul Ball, location: 2F
2-2: Foul Ball, location: 2F
2-2: Strikes out looking
Batting: LHB Badry Maksimenov 0-0: Called Strike
0-1: DOUBLE (Line Drive, 89M)
Bryan Uchacz to third
Batting: LHB Xuan-ling Chen 0-0: Called Strike
0-1: Called Strike
0-2: Strikes out swinging
Batting: SHB Henrique de Senna Fernandes 0-0: Ball
1-0: Called Strike
1-1: Ball
2-1: Called Strike
2-2: Foul Ball, location: 2F
2-2: Foul Ball, location: 2F
2-2: Ground out U3 (Groundball, 34)
Bottom of the 1st over - 0 runs, 2 hits, 0 errors, 2 left on base; Grand Forks 0 - Mancelona 0
TOP OF THE 2ND
Grand Forks Caterpillars batting - Pitching for Mancelona Torch : RHP Rhys Maskell
Batting: RHB Pedro Flores 0-0: Called Strike
0-1: Swinging Strike
0-2: Fly out, F7 (Line Drive, 7LM)
Batting: RHB Patrick Pupovac 0-0: Ball
1-0: Ball
2-0: Foul Ball, location: 2F
2-1: Foul Ball, location: 2F
2-2: Foul Ball, location: 2F
2-2: Ball
3-2: Foul Ball, location: 2F
3-2: Foul Ball, location: 2F
3-2: Strikes out swinging
Batting: RHB Ralph Sands 0-0: Ball
1-0: Foul Ball, location: 2F
1-1: Ball
2-1: Called Strike
2-2: Foul Ball, location: 2F
2-2: Foul Ball, location: 2F
2-2: Strikes out swinging
Top of the 2nd over - 0 runs, 0 hits, 0 errors, 0 left on base; Grand Forks 0 - Mancelona 0
BOTTOM OF THE 2ND
Mancelona Torch batting - Pitching for Grand Forks Caterpillars : RHP Konosuke Iida
Batting: RHB Jur Prokop 0-0: Foul Ball, location: 2F
0-1: Fly out, F7 (Flyball, 7LMF)
Batting: LHB Jacky Koolen 0-0: Ball
1-0: Swinging Strike
1-1: Foul Ball, location: 2F
1-2: Foul Ball, location: 2F
1-2: Ball
2-2: Ball
3-2: Foul Ball, location: 2F
3-2: Strikes out looking
Batting: LHB Marcus Shill 0-0: Ball
1-0: Ball
2-0: Foul Ball, location: 2F
2-1: Called Strike
2-2: Strikes out looking
Bottom of the 2nd over - 0 runs, 0 hits, 0 errors, 0 left on base; Grand Forks 0 - Mancelona 0
TOP OF THE 3RD
Grand Forks Caterpillars batting - Pitching for Mancelona Torch : RHP Rhys Maskell
Batting: RHB José Herrera 0-0: Called Strike
0-1: Ground out 6-3 (Groundball, 6)
Batting: RHB Elwiin Stuy 0-0: SINGLE (Groundball, 56S) (infield hit)
Batting: RHB Rio Clark 0-0: Ball
1-0: Foul Ball, location: 2F
1-1: Ball
Elwiin Stuy is caught stealing 2nd base
2-1: Ground out 1-3 (Groundball, 15S)
Top of the 3rd over - 0 runs, 1 hit, 0 errors, 0 left on base; Grand Forks 0 - Mancelona 0
BOTTOM OF THE 3RD
Mancelona Torch batting - Pitching for Grand Forks Caterpillars : RHP Konosuke Iida
Batting: RHB Vilhelm Loyen 0-0: Called Strike
0-1: Foul Ball, location: 2F
0-2: Ball
1-2: Fly out, F7 (Flyball, 7)
Batting: RHB Bryan Uchacz 0-0: Ball
1-0: Ball
2-0: Ball
3-0: Base on Balls
Batting: RHB Dave Norton 0-0: Ball
1-0: Swinging Strike
1-1: Swinging Strike
1-2: Strikes out looking
Batting: LHB Badry Maksimenov 0-0: Called Strike
0-1: Foul Ball, location: 2F
0-2: Strikes out swinging
Bottom of the 3rd over - 0 runs, 0 hits, 0 errors, 1 left on base; Grand Forks 0 - Mancelona 0
TOP OF THE 4TH
Grand Forks Caterpillars batting - Pitching for Mancelona Torch : RHP Rhys Maskell
Batting: LHB Chris Kirby 0-0: Ball
1-0: Ball
2-0: Foul Ball, location: 2F
2-1: Foul Ball, location: 2F
2-2: Ground out 1-3 (Groundball, 13S)
Batting: RHB Lynwood Dimartínez 0-0: Ball
1-0: Ball
2-0: Ball
3-0: Base on Balls
Batting: LHB Richello Mabait 0-0: Called Strike
0-1: Ball
1-1: DOUBLE (Line Drive, 7LM)
Lynwood Dimartínez to third
Batting: RHB Pedro Flores 0-0: Ball
1-0: Foul Ball, location: 2F
1-1: Swinging Strike
1-2: Fly out, F4 (Line Drive, 4M)
Lined into DP, U4 (Line Drive, 4M)
Top of the 4th over - 0 runs, 1 hit, 0 errors, 1 left on base; Grand Forks 0 - Mancelona 0
BOTTOM OF THE 4TH
Mancelona Torch batting - Pitching for Grand Forks Caterpillars : RHP Konosuke Iida
Batting: LHB Xuan-ling Chen 0-0: SINGLE (Groundball, 34S) (infield hit)
Batting: SHB Henrique de Senna Fernandes 0-0: Ball
1-0: Ball
2-0: Ball
3-0: Called Strike
3-1: Foul Ball, location: 2F
3-2: Fly out, F7 (Flyball, 78M)
Batting: RHB Jur Prokop 0-0: Foul Ball, location: 2F
0-1: Ball
1-1: Foul Ball, location: 2F
1-2: Foul Ball, location: 2F
1-2: Foul Ball, location: 2F
1-2: Strikes out looking
Batting: LHB Jacky Koolen 0-0: Called Strike
0-1: Ball
1-1: Fielders Choice at 2nd, 5-4 (Groundball, 56)
Bottom of the 4th over - 0 runs, 1 hit, 0 errors, 1 left on base; Grand Forks 0 - Mancelona 0
TOP OF THE 5TH
Grand Forks Caterpillars batting - Pitching for Mancelona Torch : RHP Rhys Maskell
Batting: RHB Patrick Pupovac 0-0: Ground out U3 (Groundball, 3)
Batting: RHB Ralph Sands 0-0: Foul Ball, location: 2F
0-1: Ground out 6-3 (Groundball, 6MS)
Batting: RHB José Herrera 0-0: DOUBLE (Line Drive, 7D)
Batting: RHB Elwiin Stuy 0-0: Swinging Strike
0-1: Ball
1-1: SINGLE (Groundball, 56D)
José Herrera to third
Runner from 3rd tries for Home, SAFE, throw made home
Elwiin Stuy to second
Batting: RHB Rio Clark 0-0: Ball
1-0: Called Strike
1-1: Ball
2-1: Foul Ball, location: 2F
2-2: Ground out 1-3 (Groundball, 15S)
Top of the 5th over - 1 run, 2 hits, 0 errors, 1 left on base; Grand Forks 1 - Mancelona 0
BOTTOM OF THE 5TH
Mancelona Torch batting - Pitching for Grand Forks Caterpillars : RHP Konosuke Iida
Now at C: José Ortíz
Batting: LHB Marcus Shill 0-0: Ball
1-0: SINGLE (Line Drive, 34D)
Batting: RHB Vilhelm Loyen 0-0: Called Strike
Marcus Shill is caught stealing 2nd base
0-1: Foul Ball, location: 2F
0-2: Foul Ball, location: 2F
0-2: Strikes out swinging
Batting: RHB Bryan Uchacz 0-0: Fly out, F3 (Popup, 3SF)
Bottom of the 5th over - 0 runs, 1 hit, 0 errors, 0 left on base; Grand Forks 1 - Mancelona 0
TOP OF THE 6TH
Grand Forks Caterpillars batting - Pitching for Mancelona Torch : RHP Rhys Maskell
Batting: LHB Chris Kirby 0-0: SINGLE (Popup, 3D)
Batting: RHB Lynwood Dimartínez 0-0: Ball
1-0: Ball
2-0: Ball
3-0: Called Strike
3-1: Base on Balls
Chris Kirby to second
Batting: LHB Richello Mabait 0-0: Called Strike
0-1: Ball
1-1: Ball
2-1: Swinging Strike
2-2: Ball
3-2: Strikes out looking
Batting: RHB Pedro Flores 0-0: Called Strike
0-1: Ball
1-1: Ball
2-1: Ball
3-1: Fly out, F8 (Flyball, 8RM)
Pitching: LHP Liangde Chien
Batting: RHB Patrick Pupovac 0-0: Swinging Strike
0-1: Called Strike
0-2: Ball
1-2: Strikes out swinging
Top of the 6th over - 0 runs, 1 hit, 0 errors, 2 left on base; Grand Forks 1 - Mancelona 0
BOTTOM OF THE 6TH
Mancelona Torch batting - Pitching for Grand Forks Caterpillars : RHP Konosuke Iida
Batting: RHB Dave Norton 0-0: Called Strike
0-1: Called Strike
0-2: Ball
1-2: Ball
2-2: Foul Ball, location: 2F
2-2: Ball
3-2: Foul Ball, location: 2F
3-2: Fly out, F4 (Line Drive, 4M)
Pitching: RHP Song Tsang
Batting: LHB Badry Maksimenov 0-0: Ball
1-0: Called Strike
1-1: Foul Ball, location: 2F
1-2: SINGLE (Groundball, 34D)
Batting: LHB Xuan-ling Chen 0-0: Ball
1-0: Foul Ball, location: 2F
1-1: Swinging Strike
1-2: Foul Ball, location: 2F
1-2: Grounds into double play, U6-3 (Groundball, 4M)
Bottom of the 6th over - 0 runs, 1 hit, 0 errors, 0 left on base; Grand Forks 1 - Mancelona 0
TOP OF THE 7TH
Grand Forks Caterpillars batting - Pitching for Mancelona Torch : LHP Liangde Chien
Batting: RHB Ralph Sands 0-0: SINGLE (Flyball, 78M) - OUT at second base trying to stretch hit.
Batting: RHB José Ortíz 0-0: Foul Ball, location: 2F
0-1: Ball
1-1: Foul Ball, location: 2F
1-2: Foul Ball, location: 2F
1-2: Foul Ball, location: 2F
1-2: Strikes out swinging
Batting: RHB Elwiin Stuy 0-0: Ball
1-0: Called Strike
1-1: Called Strike
1-2: Ball
2-2: Ground out 5-3 (Groundball, 56S)
Top of the 7th over - 0 runs, 1 hit, 0 errors, 0 left on base; Grand Forks 1 - Mancelona 0
BOTTOM OF THE 7TH
Mancelona Torch batting - Pitching for Grand Forks Caterpillars : RHP Song Tsang
Batting: SHB Henrique de Senna Fernandes 0-0: Foul Ball, location: 2F
0-1: Foul Ball, location: 2F
0-2: Fly out, F9 (Flyball, 9)
Batting: RHB Jur Prokop 0-0: TRIPLE (Line Drive, 78XD)
Batting: LHB Jacky Koolen 0-0: Ball
1-0: Ball
2-0: Called Strike
2-1: Foul Ball, location: 2F
2-2: Foul Ball, location: 2F
2-2: Ball
3-2: SINGLE (Flyball, 8RS)
Jur Prokop scores
Batting: LHB Marcus Shill 0-0: Ball
1-0: Called Strike
1-1: Ball
2-1: SINGLE (Line Drive, 4MD)
Jacky Koolen to second
Batting: RHB Vilhelm Loyen 0-0: Called Strike
0-1: Swinging Strike
0-2: Strikes out looking
Batting: RHB Bryan Uchacz 0-0: Called Strike
0-1: Foul Ball, location: 2F
0-2: Ball
1-2: Ball
2-2: Strikes out looking
Bottom of the 7th over - 1 run, 3 hits, 0 errors, 2 left on base; Grand Forks 1 - Mancelona 1
TOP OF THE 8TH
Grand Forks Caterpillars batting - Pitching for Mancelona Torch : LHP Liangde Chien
Batting: RHB Rio Clark 0-0: Swinging Strike
0-1: Swinging Strike
0-2: Ball
1-2: Ball
2-2: Foul Ball, location: 2F
2-2: Strikes out looking
Pinch Hitting: RHB Rodney Clancy 0-0: SINGLE (Line Drive, 89M)
Batting: RHB Lynwood Dimartínez 0-0: Ball
1-0: Called Strike
1-1: SINGLE (Groundball, 56D)
Rodney Clancy to second
Batting: LHB Richello Mabait 0-0: Swinging Strike
0-1: Fielders Choice at 2nd, 1-6 (Groundball, 13S)
Rodney Clancy to third
Batting: RHB Pedro Flores 0-0: Called Strike
0-1: Swinging Strike
0-2: Ball
1-2: Strikes out swinging
Top of the 8th over - 0 runs, 2 hits, 0 errors, 2 left on base; Grand Forks 1 - Mancelona 1
BOTTOM OF THE 8TH
Mancelona Torch batting - Pitching for Grand Forks Caterpillars : RHP Song Tsang
Now in CF: Hirotada Rin
Batting: RHB Dave Norton 0-0: Ball
1-0: Fly out, F4 (Line Drive, 4M)
Batting: LHB Badry Maksimenov 0-0: Ball
1-0: Fly out, F4 (Popup, 23)
Batting: LHB Xuan-ling Chen 0-0: Ball
1-0: Ball
2-0: Ball
3-0: Called Strike
3-1: Called Strike
3-2: Strikes out looking
Bottom of the 8th over - 0 runs, 0 hits, 0 errors, 0 left on base; Grand Forks 1 - Mancelona 1
TOP OF THE 9TH
Grand Forks Caterpillars batting - Pitching for Mancelona Torch : LHP Liangde Chien
Batting: RHB Patrick Pupovac 0-0: Ball
1-0: Swinging Strike
1-1: Fly out, F8 (Flyball, 8RS)
Batting: RHB Ralph Sands 0-0: Called Strike
0-1: Called Strike
0-2: Ball
1-2: Strikes out swinging
Batting: RHB José Ortíz 0-0: Called Strike
0-1: Ball
1-1: Called Strike
1-2: Ground out 6-3 (Groundball, 6)
Top of the 9th over - 0 runs, 0 hits, 0 errors, 0 left on base; Grand Forks 1 - Mancelona 1
BOTTOM OF THE 9TH
Mancelona Torch batting - Pitching for Grand Forks Caterpillars : RHP Song Tsang
Batting: SHB Henrique de Senna Fernandes 0-0: Foul Ball, location: 2F
0-1: Called Strike
0-2: Ball
1-2: Ball
2-2: Strikes out swinging
Batting: RHB Jur Prokop 0-0: Foul Ball, location: 2F
0-1: Fly out, F9 (Flyball, 89S)
Batting: LHB Jacky Koolen 0-0: Ball
1-0: Ball
2-0: Foul Ball, location: 2F
2-1: Swinging Strike
2-2: Strikes out swinging
Bottom of the 9th over - 0 runs, 0 hits, 0 errors, 0 left on base; Grand Forks 1 - Mancelona 1
TOP OF THE 10TH
Grand Forks Caterpillars batting - Pitching for Mancelona Torch : LHP Liangde Chien
Batting: RHB Elwiin Stuy 0-0: Called Strike
0-1: Fly out, F7 (Flyball, 7S)
Batting: RHB Rio Clark 0-0: Ball
1-0: Fly out, F8 (Flyball, 8LM)
Batting: RHB Hirotada Rin 0-0: Ball
1-0: Ball
2-0: Ball
3-0: Called Strike
3-1: Base on Balls
Batting: RHB Lynwood Dimartínez 0-0: Called Strike
0-1: Ball
1-1: Ball
2-1: SINGLE (Line Drive, 4MD)
Hirotada Rin to second
Batting: LHB Richello Mabait 0-0: Called Strike
0-1: Ball
1-1: Fly out, F6 (Popup, 6)
Top of the 10th over - 0 runs, 1 hit, 0 errors, 2 left on base; Grand Forks 1 - Mancelona 1
BOTTOM OF THE 10TH
Mancelona Torch batting - Pitching for Grand Forks Caterpillars : RHP Song Tsang
Batting: LHB Marcus Shill 0-0: Called Strike
0-1: Ball
1-1: Foul Ball, location: 2F
1-2: Ball
2-2: Ball
3-2: Fly out, F8 (Flyball, 8RS)
Batting: RHB Vilhelm Loyen 0-0: Ball
1-0: Foul Ball, location: 2F
1-1: SINGLE (Flyball, 78S)
Batting: RHB Bryan Uchacz 0-0: Called Strike
Vilhelm Loyen steals 2nd base
0-1: Ball
1-1: Ground out 1-3 (Groundball, 15S)
Batting: RHB Dave Norton 0-0: Foul Ball, location: 2F
0-1: Ball
1-1: DOUBLE (Flyball, 78D)
Vilhelm Loyen scores
Wednesday, September 19th, 2018 - OOTP Baseball 18.8 Build 76